 Dungeon Crawl Stone Soup version 0.30.0-29-ga12c61a403 (webtiles) character file.

Game seed: 9207684164660763338

14959 AlmostDecent the Frost Mage (level 12, -1/91 HPs)
             Began as a Gnoll Ice Elementalist on June 9, 2023.
             Was a Priest of Vehumet.
             Killed by vampiric draining
             ... invoked by a vampire
              (11 damage)
             ... on level 12 of the Dungeon.
             The game lasted 00:47:41 (12802 turns).

AlmostDecent the Frost Mage (GnIE)                 Turns: 12802, Time: 00:47:41

Health: -1/91      AC: 14    Str:  8    XL:     12   Next: 22%
Magic:  11/25      EV: 26    Int: 18    God:    Vehumet [***...]
Gold:   957        SH:  0    Dex: 14    Spells: 9/29 levels left

rFire   . . .        n - +3 short sword (freeze)
rCold   . . .        (no shield)
rNeg    . . .        a - +0 robe
rPois   .            j - +1 hat
rElec   .            (no cloak)
rCorr   .            y - +0 pair of gloves
SInv    .            p - +0 pair of boots
Will    .....        d - amulet of the acrobat
Stlth   ++++         x - +5 ring of evasion
HPRegen 0.35/turn    z - +5 ring of evasion
MPRegen 0.19/turn

%: acrobat
@: ice-armoured, freezing walls
A: fangs 1, strong nose, distributed training
a: Renounce Religion


You were on level 12 of the Dungeon.
You worshipped Vehumet.
Vehumet was most pleased with you.
You visited 2 branches of the dungeon, and saw 13 of its levels.

You collected 957 gold pieces.

Inventory:

Hand Weapons
 i - a +0 long sword of protection
 n - a +3 short sword of freezing (weapon)
 B - a +5 short sword
Missiles
 u - 5 throwing nets
Armour
 a - a +0 robe (worn)
 j - a +1 hat (worn)
 p - a +0 pair of boots (worn)
 y - a +0 pair of gloves (worn)
Jewellery
 d - an amulet of the acrobat (around neck)
 x - a +5 ring of evasion (left hand)
 z - a +5 ring of evasion (right hand)
Wands
 r - a wand of light (12)
 s - a wand of roots (8)
 w - a wand of digging (5)
 D - a wand of charming (3)
 F - a wand of flame (5)
Scrolls
 b - a scroll of blinking
 e - 4 scrolls of immolation
 f - a scroll of teleportation
 g - 6 scrolls of enchant armour
 l - a scroll of amnesia
 o - 2 scrolls of magic mapping
 C - a scroll of summoning
 E - a scroll of poison
Potions
 c - a potion of lignification
 h - a potion of might
 k - 2 potions of curing
 m - a potion of cancellation
 q - 4 potions of flight
 t - 2 potions of attraction
 A - a potion of berserk rage {unknown}
 G - a potion of brilliance


   Skills:
 + Level 7.3 Fighting
 + Level 7.3 Short Blades
 + Level 7.3 Long Blades
 + Level 7.3 Axes
 + Level 7.3 Maces & Flails
 + Level 7.3 Polearms
 + Level 7.3 Staves
 + Level 7.3 Ranged Weapons
 + Level 7.3 Throwing
 + Level 7.3 Armour
 + Level 8.7 Dodging
 + Level 8.5 Stealth
 + Level 7.3 Shields
 + Level 7.3 Unarmed Combat
 + Level 9.0 Spellcasting
 + Level 6.1 Conjurations
 + Level 6.1 Hexes
 + Level 6.1 Summonings
 + Level 6.1 Necromancy
 + Level 6.1 Translocations
 + Level 6.1 Transmutations
 + Level 6.1 Fire Magic
 + Level 9.4 Ice Magic
 + Level 6.1 Air Magic
 + Level 6.1 Earth Magic
 + Level 6.1 Poison Magic
 + Level 8.0 Invocations
 + Level 7.3 Evocations


You had 9 spell levels left.
You knew the following spells:

 Your Spells              Type           Power      Damage    Failure   Level
a - Freeze                Ice            100%       1d10      1%          1
b - Frozen Ramparts       Ice            84%        1d13      1%          3
c - Ozocubu's Armour      Ice            42%        N/A       1%          3
d - Summon Ice Beast      Ice/Summ       36%        N/A       3%          4
e - Olgreb's Toxic Radia  Pois           30%        N/A       1%          4
f - Sandblast             Erth           60%        2d14      1%          1
g - Summon Lightning Spi  Summ/Air       30%        N/A       7%          4

Your spell library contained the following spells:

 Spells                   Type           Power      Damage    Failure   Level
 Beastly Appendage        Tmut           60%        N/A       1%          1
 Foxfire                  Conj/Fire      100%       2x1d9     1%          1
 Magic Dart               Conj           100%       1d8       1%          1
 Sting                    Tmut/Pois      100%       1d8       1%          1
 Call Imp                 Summ           60%        N/A       1%          2
 Ensorcelled Hibernation  Hex/Ice        72%        N/A       1%          2
 Passwall                 Tmut/Erth      25%        N/A       1%          2
 Poisonous Vapours        Pois/Air       60%        N/A       1%          2
 Static Discharge         Conj/Air       60%        2-5/arc   1%          2
 Wereblood                Tmut           30%        N/A       1%          2
 Dazzling Flash           Conj/Hex       60%        N/A       1%          3
 Mephitic Cloud           Conj/Pois/Air  30%        N/A       1%          3
 Volatile Blastmotes      Fire/Tloc      60%        2d15      1%          3
 Airstrike                Air            15%        2d(3-19)  1%          4
 Iskenderun's Mystic Bla  Conj/Tloc      30%        2d8       1%          4
 Spider Form              Tmut/Pois      30%        N/A       2%          3
 Swiftness                Air            30%        N/A       2%          3
 Fireball                 Conj/Fire      15%        3d8       5%          5
 Passage of Golubria      Tloc           30%        N/A       7%          4
 Metabolic Englaciation   Hex/Ice        18%        N/A       10%         5
 Silence                  Hex/Air        15%        N/A       21%         5
 Plasma Beam              Fire/Air       15%        2x1d29    28%         6
 Starburst                Conj/Fire      15%        6d6       28%         6
 Simulacrum               Ice/Necr       18%        N/A       50%         6
 Lehudib's Crystal Spear  Conj/Erth      15%        10d5      100%        8


Dungeon Overview and Level Annotations

Branches:
Dungeon (12/15)            Temple (1/1) D:5            Lair (0/5) D:10
    Orc: D:9-12

Altars:
Ashenzari
Cheibriados
Dithmenos
Elyvilon
Fedhas
Gozag
Hepliaklqana
Kikubaaqudgha
Makhleb
Nemelex Xobeh
Okawaru
Qazlal
Ru
Sif Muna
Trog
Uskayaw
Vehumet
Wu Jian
Xom
Yredelemnul
Zin
The Shining One
Jiyva

Annotations:
D:6 Grinder
D:9 6 transporters
D:11 2 transporters


Innate Abilities, Weirdness & Mutations

You have very sharp teeth.
Your uncanny sense of smell can sniff out nearby items.
Your experience applies equally to all skills.


Message History

Deactivating autopickup; reactivate with Ctrl-A.
Your Spellcasting skill increases to level 9!
Your icy armour and frozen ramparts will break if you move.
Continue?
You barely miss something.
The wall freezes something.
Something hits you! Something closely misses you.
Your icy armour and frozen ramparts will break if you move.
Continue?
You completely miss something.
Your icy armour and frozen ramparts will break if you move.
Continue?
You completely miss something.
The wall freezes something.
Something hits you but does no damage. Something completely misses you.
Your icy armour and frozen ramparts will break if you move.
Continue?
You hit something but do no damage.
Your icy armour and frozen ramparts will break if you move.
Continue?
Uppercase [Y]es or [N]o only, please.
Your icy armour and frozen ramparts will break if you move.
Continue?
You hit something. You freeze something. Your punch misses something.
The wall freezes something.
Something hits you but does no damage. Something barely misses you.
Your icy armour and frozen ramparts will break if you move.
Continue?
You hit something but do no damage.
The wall freezes something but does no damage.
Something draws life force from you!
* * * LOW HITPOINT WARNING * * *
Your icy armour and frozen ramparts will break if you move.
Continue?
You hit something but do no damage.
The wall freezes something but does no damage.
Something barely misses you. Something misses you.
Your icy armour and frozen ramparts will break if you move.
Continue?
You barely miss something.
Your icy armour and frozen ramparts will break if you move.
Continue?
You hit something but do no damage.
The wall freezes something.
Something draws life force from you!
* * * LOW HITPOINT WARNING * * *
Your icy armour and frozen ramparts will break if you move.
Continue?
You barely miss something. You punch something.
Your icy armour and frozen ramparts will break if you move.
Continue?
You closely miss something. Your bite misses something.
The wall freezes something but does no damage.
Something draws life force from you!
You die...

#### ##...##..
##.†......
#########.<.....$.
.....(.@{)........
......###.........
.#### ##........
##...#... #### ##


There were no monsters in sight!

Vanquished Creatures
  Harold (D:10)
  A centaur warrior (D:11)
  A boulder beetle (D:7)
  4 two-headed ogres
  A cyclops (D:12)
  A manticore (D:11)
  An unseen horror (D:11)
  A kobold demonologist (D:9)
  A vampire (D:11)
  29 yaks
  4 vampire mosquitoes (D:11)
  An acid dragon (D:10)
  2 ice beasts
  6 orc warriors
  2 sky beasts
  3 ogres
  3 centaurs
  2 phantoms (D:5)
  3 kobold brigands
  3 bullfrogs
  A scorpion (D:6)
  2 wights (D:9)
  13 killer bees
  3 howler monkeys
  3 hounds
  5 orc priests
  A gnoll bouda (D:9)
  3 jellies
  2 sleepcaps
  4 iguanas
  9 orc wizards
  8 gnolls
  9 adders
  A white imp (D:5)
  2 ufetubi (D:5)
  A worm (D:5)
  3 dart slugs (D:3)
  41 orcs
  8 endoplasms
  5 giant cockroaches
  7 goblins
  10 hobgoblins
  5 jackals
  A quokka (D:3)
  7 ball pythons
  7 bats
  A frilled lizard (D:1)
  22 kobolds
  5 rats (D:1)
259 creatures vanquished.

Vanquished Creatures (collateral kills)
  A shadow (D:8)
  2 orc warriors
  An ice beast (D:5)
  A black bear (D:4)
  An ogre (D:10)
  A wight (D:9)
  An orc priest (D:10)
  A sleepcap (D:5)
  A gnoll (D:9)
  An adder (D:5)
  5 orcs (D:10)
  A kobold (D:8)
17 creatures vanquished.

Grand Total: 276 creatures vanquished

Notes
Turn   | Place    | Note
-------+----------+-------------------------------------------
     0 | D:1      | AlmostDecent the Gnoll Ice Elementalist began the quest for
                  | the Orb.
     0 | D:1      | Reached XP level 1. HP: 13/13 MP: 6/6
   130 | D:1      | Reached XP level 2. HP: 18/19 MP: 1/7
   568 | D:1      | Reached skill level 5 in Spellcasting
   568 | D:1      | Reached XP level 3. HP: 25/25 MP: 6/9
   572 | D:1      | Learned a level 3 spell: Frozen Ramparts
   576 | D:1      | Learned a level 3 spell: Ozocubu's Armour
   997 | D:2      | Reached skill level 1 in Invocations
  1114 | D:2      | Reached skill level 1 in Fighting
  1114 | D:2      | Reached skill level 1 in Short Blades
  1114 | D:2      | Reached skill level 1 in Long Blades
  1114 | D:2      | Reached skill level 1 in Axes
  1114 | D:2      | Reached skill level 1 in Maces & Flails
  1114 | D:2      | Reached skill level 1 in Polearms
  1114 | D:2      | Reached skill level 1 in Staves
  1114 | D:2      | Reached skill level 1 in Ranged Weapons
  1114 | D:2      | Reached skill level 1 in Throwing
  1114 | D:2      | Reached skill level 1 in Armour
  1114 | D:2      | Reached skill level 1 in Shields
  1114 | D:2      | Reached skill level 1 in Unarmed Combat
  1114 | D:2      | Reached skill level 1 in Evocations
  1205 | D:2      | Found a faded altar of an unknown god.
  1230 | D:2      | Reached XP level 4. HP: 30/32 MP: 7/11
  1238 | D:2      | Learned a level 4 spell: Summon Ice Beast
  1616 | D:3      | Reached skill level 1 in Conjurations
  1616 | D:3      | Reached skill level 1 in Hexes
  1616 | D:3      | Reached skill level 1 in Summonings
  1616 | D:3      | Reached skill level 1 in Necromancy
  1616 | D:3      | Reached skill level 1 in Translocations
  1616 | D:3      | Reached skill level 1 in Transmutations
  1616 | D:3      | Reached skill level 1 in Fire Magic
  1616 | D:3      | Reached skill level 1 in Air Magic
  1616 | D:3      | Reached skill level 1 in Earth Magic
  1616 | D:3      | Reached skill level 1 in Poison Magic
  2310 | D:3      | Reached XP level 5. HP: 35/37 MP: 7/12
  3008 | D:4      | Noticed a black bear
  3015 | D:4      | Killed a black bear
  3016 | D:4      | Reached skill level 5 in Dodging
  3016 | D:4      | Reached XP level 6. HP: 44/44 MP: 5/14
  3037 | D:4      | Found a burning altar of Makhleb.
  3568 | D:5      | Entered Level 5 of the Dungeon
  3576 | D:5      | Noticed an ice beast
  3612 | D:5      | Killed an ice beast
  3769 | D:5      | Reached XP level 7. HP: 28/51 MP: 9/15
  4038 | D:5      | Reached skill level 5 in Stealth
  4338 | D:5      | Reached XP level 8. HP: 44/58 MP: 5/16
  4681 | D:5      | Found a staircase to the Ecumenical Temple.
  4692 | Temple   | Entered the Ecumenical Temple
  4800 | Temple   | Became a worshipper of Vehumet
  5979 | D:6      | Noticed Grinder
  5991 | D:6      | Noticed a nameless horror
  6001 | D:6      | Paralysed by Grinder for 3 turns
  6007 | D:6      | Paralysed by Grinder for 5 turns
  6813 | D:7      | Reached XP level 9. HP: 56/65 MP: 18/18
  7007 | D:7      | Reached skill level 5 in Invocations
  7719 | D:8      | Noticed a boulder beetle
  7781 | D:7      | Killed a boulder beetle
  7782 | D:7      | Reached skill level 5 in Fighting
  7782 | D:7      | Reached skill level 5 in Short Blades
  7782 | D:7      | Reached skill level 5 in Long Blades
  7782 | D:7      | Reached skill level 5 in Axes
  7782 | D:7      | Reached skill level 5 in Maces & Flails
  7782 | D:7      | Reached skill level 5 in Polearms
  7782 | D:7      | Reached skill level 5 in Staves
  7782 | D:7      | Reached skill level 5 in Ranged Weapons
  7782 | D:7      | Reached skill level 5 in Throwing
  7782 | D:7      | Reached skill level 5 in Armour
  7782 | D:7      | Reached skill level 5 in Shields
  7782 | D:7      | Reached skill level 5 in Unarmed Combat
  7782 | D:7      | Reached skill level 5 in Evocations
  7782 | D:7      | Reached XP level 10. HP: 58/74 MP: 0/20
  8134 | D:8      | Learned a level 4 spell: Olgreb's Toxic Radiance
  8175 | D:8      | Reached * piety under Vehumet
  8175 | D:8      | Offered knowledge of Sandblast by Vehumet.
  8198 | D:8      | Noticed a two-headed ogre
  8457 | D:8      | Found a stormy altar of Qazlal.
  8576 | D:8      | Killed a two-headed ogre
  8876 | D:9      | Learned a level 1 spell: Sandblast
  9348 | D:9      | Reached ** piety under Vehumet
  9348 | D:9      | Offered knowledge of Foxfire by Vehumet.
  9681 | D:9      | Found a transporter.
  9686 | D:9      | Found a transporter.
  9688 | D:9      | Found a transporter.
  9690 | D:9      | Found a transporter.
  9788 | D:9      | Found a transporter.
  9790 | D:9      | Found a transporter.
  9821 | D:9      | Found an opulent altar of Gozag.
  9821 | D:9      | Found a shimmering blue altar of Sif Muna.
  9878 | D:9      | Noticed a kobold demonologist
  9892 | D:9      | Killed a kobold demonologist
 10230 | D:9      | Reached skill level 5 in Conjurations
 10230 | D:9      | Reached skill level 5 in Hexes
 10230 | D:9      | Reached skill level 5 in Summonings
 10230 | D:9      | Reached skill level 5 in Necromancy
 10230 | D:9      | Reached skill level 5 in Translocations
 10230 | D:9      | Reached skill level 5 in Transmutations
 10230 | D:9      | Reached skill level 5 in Fire Magic
 10230 | D:9      | Reached skill level 5 in Air Magic
 10230 | D:9      | Reached skill level 5 in Earth Magic
 10230 | D:9      | Reached skill level 5 in Poison Magic
 10344 | D:10     | Entered Level 10 of the Dungeon
 10366 | D:10     | Reached XP level 11. HP: 54/81 MP: 11/22
 10371 | D:10     | Offered knowledge of Mephitic Cloud by Vehumet.
 10518 | D:10     | Reached *** piety under Vehumet
 10768 | D:10     | Noticed a two-headed ogre
 10775 | D:10     | Killed a two-headed ogre
 10786 | D:10     | Found a hide-covered altar of Uskayaw.
 10833 | D:10     | Noticed Harold
 10855 | D:10     | Killed Harold
 11058 | D:10     | Found a staircase to the Lair.
 11491 | D:11     | Noticed a two-headed ogre
 11508 | D:11     | Killed a two-headed ogre
 11509 | D:11     | Offered knowledge of Airstrike by Vehumet.
 11554 | D:11     | Found a transporter.
 11607 | D:11     | Noticed a centaur warrior
 11616 | D:11     | Killed a centaur warrior
 11760 | D:11     | Reached XP level 12. HP: 91/91 MP: 13/24
 11919 | D:11     | Learned a level 4 spell: Summon Lightning Spire
 12040 | D:11     | Found a viscous altar of Jiyva.
 12339 | D:11     | Found a transporter.
 12766 | D:12     | Noticed a two-headed ogre
 12775 | D:12     | Killed a two-headed ogre
 12802 | D:12     | Killed from afar by a vampire

Illustrated notes

Levels and vault maps discovered:
D:1:      psy_arrival_terrarium, layout_loops_ring, minmay_cut_off
D:2:      layout_rooms, hellmonk_ecumenical_altar_leap_of_faith
D:3:      layout_basic
D:4:      layout_basic, mainiacjoe_overflow_six_doors_small
D:5:      layout_basic, minmay_temple_entry_junction, minmay_fractal_squares_5
D:6:      layout_basic, uniq_grinder
D:7:      layout_loops_corners
D:8:      layout_cave_pools, overflow_temple_1_default, serial_column_ruins,
          column_ruins_grid_4, column_ruins_grid_3, column_ruins_open_tiny,
          column_ruins_grid_2, column_ruins_columns_corner,
          columned_hall_lemuel, serial_bayou_pond_a
D:9:      layout_basic, gammafunk_temple_overflow_wave, serial_nicolae_subway,
          nicolae_sub_station_metal, nicolae_sub_station_crystal,
          nicolae_sub_station_stone
D:10:     layout_rooms, mainiacjoe_overflow_surrounded_room, lair_entry_dummy,
          special_room [special_room_orc], uniq_harold
D:11:     gammafunk_jiyva_shrine, layout_stronghold
D:12:     layout_rooms, orc_david_3
Temple:   minmay_temple_bridge_d

Skill      XL: |  1  2  3  4  5  6  7  8  9 10 11 12 |
---------------+-------------------------------------+-----
Spellcasting   | 5 6 7 8 9 |  9.0
Invocations    | 1 2 3 4 5 6 7 8 |  8.0
Fighting       | 1 2 3 5 6 7 |  7.3
Short Blades   | 1 2 3 5 6 7 |  7.3
Long Blades    | 1 2 3 5 6 7 |  7.3
Axes           | 1 2 3 5 6 7 |  7.3
Maces & Flails | 1 2 3 5 6 7 |  7.3
Polearms       | 1 2 3 5 6 7 |  7.3
Staves         | 1 2 3 5 6 7 |  7.3
Ranged Weapons | 1 2 3 5 6 7 |  7.3
Throwing       | 1 2 3 5 6 7 |  7.3
Armour         | 1 2 3 5 6 7 |  7.3
Shields        | 1 2 3 5 6 7 |  7.3
Unarmed Combat | 1 2 3 5 6 7 |  7.3
Evocations     | 1 2 3 5 6 7 |  7.3
Conjurations   | 1 2 3 4 5 6 |  6.1
Hexes          | 1 2 3 4 5 6 |  6.1
Summonings     | 1 2 3 4 5 6 |  6.1
Necromancy     | 1 2 3 4 5 6 |  6.1
Translocations | 1 2 3 4 5 6 |  6.1
Transmutations | 1 2 3 4 5 6 |  6.1
Fire Magic     | 1 2 3 4 5 6 |  6.1
Air Magic      | 1 2 3 4 5 6 |  6.1
Earth Magic    | 1 2 3 4 5 6 |  6.1
Poison Magic   | 1 2 3 4 5 6 |  6.1
Dodging        | 5 6 7 8 |  8.7
Stealth        | 5 6 7 8 |  8.5
Ice Magic      | 8 9 |  9.4

Action                     |  1- 3 |  4- 6 |  7- 9 | 10-12 || total
---------------------------+-------+-------+-------+-------++-------
  Melee: Unarmed           |     5 |       |       |       ||     5
         Long sword        |     1 |     4 |       |       ||     5
         Short sword       |       |    19 |   177 |   237 ||   433
         Bite              |       |     3 |    21 |    38 ||    62
         Punch             |       |     1 |     6 |    12 ||    19
   Cast: Freeze            |    41 |    44 |    45 |    14 ||   144
         Frozen Ramparts   |     1 |    11 |    27 |    47 ||    86
         Ozocubu's Armour  |       |     2 |    13 |    22 ||    37
         Summon Ice Beast  |       |     2 |     7 |    10 ||    19
         Sandblast         |       |       |       |    35 ||    35
         Olgreb's Toxic Ra |       |       |       |    20 ||    20
  Evoke: Wand              |       |       |       |     2 ||     2
    Use: Scroll            |       |       |    17 |     5 ||    22
         Potion            |       |       |     1 |     7 ||     8
   Stab: Sleeping          |     2 |       |     2 |       ||     4
 Armour: Robe              |     1 |    12 |    38 |    51 ||   102
  Dodge: Dodged            |    25 |    46 |   175 |   361 ||   607
